 Dungeon Crawl Stone Soup version 0.23-a0-435-g79ed067 (webtiles) character file.

2411 Lavandula the Magician (level 9, -1/64 HPs)
             Began as a Barachi Air Elementalist on Nov 15, 2018.
             Was an Initiate of Vehumet.
             Slain by a wyvern skeleton (4 damage)
             ... on level 8 of the Dungeon.
             The game lasted 00:30:15 (4105 turns).

Lavandula the Magician (Barachi Air Elementalist)   Turns: 4105, Time: 00:30:16

Health: -1/64      AC:  4    Str: 15    XL:     9   Next: 47%
Magic:  12/20      EV: 15    Int: 19    God:    Vehumet [......]
Gold:   286        SH:  0    Dex: 12    Spells: 5/22 levels left

rFire    . . .     SeeInvis +   i - +1 dagger (venom)
rCold    . . .     Gourm    .   (no shield)
rNeg     . . .     Faith    .   a - +0 robe
rPois    .         Spirit   .   (no helmet)
rElec    .         Reflect  .   (no cloak)
rCorr    +         Harm     .   q - +1 pair of gloves
MR       .....                  (no boots)
Stlth    ++........             s - amulet of inaccuracy
HPRegen  0.20/turn              n - ring of see invisible
MPRegen  0.17/turn              r - ring of resist corrosion

@: mighty, slow
A: +LOS, swims, slowness 1, strong legs 1
a: Hop, Renounce Religion


You were on level 8 of the Dungeon.
You worshipped Vehumet.
Vehumet was noncommittal.
You were hungry.

You visited 2 branches of the dungeon, and saw 10 of its levels.
You also visited: Sewer.

You collected 355 gold pieces.
You spent 69 gold pieces at shops.

Inventory:

Hand Weapons
 i - a +1 dagger of venom (weapon)
Armour
 a - a +0 robe (worn)
 q - a +1 pair of gloves (worn)
Jewellery
 n - a ring of see invisible (left hand)
 r - a ring of resist corrosion (right hand)
 s - an amulet of inaccuracy (around neck)
Wands
 m - a wand of iceblast (6)
Scrolls
 d - a scroll of enchant armour {unknown}
 e - a scroll of random uselessness
 f - a scroll of enchant weapon {unknown}
 h - 2 scrolls of amnesia
Potions
 b - a potion of brilliance
 j - a potion of cancellation
 k - 3 potions of flight
Comestibles
 c - 9 rations


   Skills:
 - Level 3.4 Fighting
 + Level 6.2 Short Blades
 - Level 6.2 Dodging
 - Level 1.7 Stealth
 - Level 7.3 Spellcasting
 - Level 1.2 Conjurations
 - Level 7.0 Air Magic


You had 5 spell levels left.
You knew the following spells:

 Your Spells              Type           Power        Failure   Level  Hunger
a - Shock                 Conj/Air       ###.         1%          1    None
b - Swiftness             Chrm/Air       ###.....     3%          2    None
c - Static Discharge      Conj/Air       ###.....     5%          3    #......
d - Airstrike             Air            ####......   5%          4    ###....
e - Mephitic Cloud        Conj/Pois/Air  ###.....     10%         3    #......
f - Blink                 Tloc           N/A          14%         2    None
g - Call Imp              Summ           #.......     14%         2    None

Your spell library contained the following spells:

 Spells                   Type           Power        Failure   Level  Hunger
 Magic Dart               Conj           ##..         6%          1    None
 Slow                     Hex            #.......     14%         2    None
 Conjure Flame            Conj/Fire      #.......     22%         3    #......
 Lightning Bolt           Conj/Air       ###.......   45%         5    #####..


Dungeon Overview and Level Annotations

Branches:
Dungeon (9/15)             Temple (1/1) D:7
   Lair: D:8-11         Orc: D:9-12

Altars:
Ashenzari
Cheibriados
Dithmenos
Elyvilon
Fedhas
Hepliaklqana
Kikubaaqudgha
Makhleb
Nemelex Xobeh
Okawaru
Qazlal
Ru
Sif Muna
Trog
Uskayaw
Vehumet
Wu Jian
Xom
Yredelemnul
Zin
The Shining One

Shops:
D:4 :*=

Annotations:
D:2 exclusion: adder


Innate Abilities, Weirdness & Mutations

Shadows flee at your approach. (+LOS)
You can swim through water.
You cover ground slowly.
You can hop short distances.


Message History

Okay, then.
Okay, then.
You barely miss the gnoll shaman.
The gnoll shaman is heavily wounded.
The gnoll shaman barely misses you. The wyvern skeleton closely misses you.
You closely miss the gnoll shaman.
The gnoll shaman is severely wounded.
The gnoll shaman barely misses you. The wyvern skeleton closely misses you.
You completely miss the gnoll shaman.
The gnoll shaman is severely wounded.
The wyvern skeleton bites you.
* * * LOW HITPOINT WARNING * * *
You completely miss the gnoll shaman.
The gnoll shaman is severely wounded.
The gnoll shaman hits you with a +0 whip.
* * * LOW HITPOINT WARNING * * *
As you read the scroll labeled BIUREH ALAQUGE, it crumbles to dust.
You experience a momentary feeling of inescapable doom!
It was a scroll of random uselessness.
The wyvern skeleton bites you.
You die... #.# .... '..
ZY# #. #O# ..... #z. #.. #.# )⌠..⌠. #.# .5# #.##Y..... #.##.. #. #.#?$# #Y..# #. #.#z## #SO.# #. #.### #O# #. #.## #####Z# #. #..# #gggg@#

## #+#. ##.# #.#####
.. #..#.#. ##+####
###'## #.#..#.#.
##....####..g.##
##.....#.
#......##....gg#
#......#.
....#.......#.g.....
#....
..####....####.gg.##
##... ..# #....#
....# #...
...#.......# .....#
#.....


You could see an ice beast, 2 ogres, a gnoll shaman, a wight, 3 gnolls, an adder
and a wyvern skeleton.

Vanquished Creatures
  Grinder (D:4)
  Menkaure (D:6)
  A water moccasin (D:6)
  An orc warrior (D:4)
  4 ogres
  2 centaurs
  A crocodile (D:8)
  A big kobold (Sewer)
  2 bullfrogs
  A water moccasin zombie (D:5)
  A scorpion (D:5)
  5 killer bees
  3 crimson imps
  2 orc priests
  A centaur zombie (D:8)
  3 hounds
  A jelly (D:8)
  2 iguanas
  5 worker ants
  4 orc wizards
  A hound skeleton (D:5)
  2 gnolls (D:8)
  5 adders
  4 river rats (D:3)
  A shadow imp (D:5)
  2 oozes
  An adder zombie (D:7)
  4 worms
  A dart slug (D:3)
  5 leopard geckos
  19 orcs
  3 ball pythons
  2 giant cockroaches
  3 goblins
  3 hobgoblins
  4 jackals
  3 kobolds
  A quokka (D:4)
  A bat (D:2)
  3 frilled lizards
  2 quokka zombies
  12 rats
124 creatures vanquished.

Notes
Turn   | Place    | Note
-------+----------+-------------------------------------------
     0 | D:1      | Lavandula the Barachi Air Elementalist began the quest for
                  | the Orb.
     0 | D:1      | Reached XP level 1. HP: 13/13 MP: 3/3
   271 | D:2      | Reached XP level 2. HP: 19/19 MP: 3/5
   455 | D:3      | Reached XP level 3. HP: 13/24 MP: 3/7
   596 | D:3      | Reached XP level 4. HP: 22/30 MP: 3/8
   656 | D:3      | Reached skill level 5 in Air Magic
   742 | D:3      | Found a glowing drain.
   752 | Sewer    | Entered a sewer
   826 | Sewer    | Noticed a big kobold
   853 | Sewer    | Killed a big kobold
   853 | Sewer    | Reached XP level 5. HP: 14/35 MP: 0/9
   939 | Sewer    | Learned a level 2 spell: Swiftness
   943 | Sewer    | Learned a level 3 spell: Static Discharge
   957 | Sewer    | Found a white marble altar of Elyvilon.
  1027 | D:4      | Noticed an ogre
  1201 | D:4      | Found Boumepn's Jewellery Shop.
  1212 | D:4      | Found Idataigh's Assorted Antiques.
  1215 | D:4      | Bought a smoky ruby potion for 23 gold pieces
  1215 | D:4      | Bought an inky potion for 23 gold pieces
  1215 | D:4      | Bought a fuming amethyst potion for 23 gold pieces
  1238 | D:4      | Noticed an ogre
  1243 | D:4      | Killed an ogre
  1243 | D:4      | Reached XP level 6. HP: 40/41 MP: 6/10
  1249 | D:4      | Learned a level 4 spell: Airstrike
  1311 | D:5      | Entered Level 5 of the Dungeon
  1319 | D:5      | Reached skill level 1 in Fighting
  1616 | D:4      | Found Liur's Book Shop.
  1621 | D:4      | Noticed Grinder
  1630 | D:4      | Killed Grinder
  1630 | D:4      | Reached XP level 7. HP: 39/52 MP: 4/11
  1717 | D:5      | Reached skill level 5 in Dodging
  1836 | D:4      | Reached XP level 8. HP: 58/58 MP: 5/12
  2187 | D:5      | Reached skill level 5 in Spellcasting
  2312 | D:6      | Noticed Menkaure
  2726 | D:6      | HP: 4/87 [poisoned by a water moccasin]
  2731 | D:6      | HP: 4/87 [poisoned by a water moccasin]
  3038 | D:6      | Reached skill level 1 in Short Blades
  3115 | D:6      | Killed Menkaure
  3115 | D:6      | Reached XP level 9. HP: 34/64 MP: 16/20
  3429 | D:7      | Found a staircase to the Ecumenical Temple.
  3439 | Temple   | Entered the Ecumenical Temple
  3472 | Temple   | Became a worshipper of Vehumet
  3503 | D:7      | Learned a level 3 spell: Mephitic Cloud
  3506 | D:7      | Learned a level 2 spell: Blink
  3509 | D:7      | Learned a level 2 spell: Call Imp
  3613 | D:7      | Reached skill level 5 in Short Blades
  4021 | D:8      | Noticed a two-headed ogre
  4104 | D:8      | HP: 3/64 [gnoll shaman/+0 whip (6)]
  4105 | D:8      | Slain by a wyvern skeleton

Vault maps used:
D:1:      dpeg_arrival_orchard
D:2:      minmay_vboxes
D:3:      first_ration, lightli_sewer_entry_pipes
D:4:      serial_shops, shop, nicolae_shop_trees,
          nicolae_shop_temple_entry_statues_fountains, uniq_grinder
D:5:      kennysheep_mini
D:6:      enter_ossuary_2, uniq_menkaure
D:7:      minmay_temple_entry_statues_pillars, basic_altar
D:8:      wad_guarded_room, serial_shops, nicolae_shop_crystal, grunt_ogre_cave
D:9:      uniq_erica
Temple:   nicolae_temple_the_god_donut
Sewer:    sewer_kobolds

Skill      XL: |  1  2  3  4  5  6  7  8  9 |
---------------+----------------------------+-----
Spellcasting   | 3 7 |  7.3
Air Magic      | 4 6 7 |  7.0
Fighting       | 3 |  3.4
Dodging        | 4 6 |  6.2
Short Blades   | 2 6 |  6.2
Stealth        | |  1.7
Conjurations   | |  1.2

Action                   |  1- 3 |  4- 6 |  7- 9 || total
-------------------------+-------+-------+-------++-------
Melee: Short sword       |    59 |    33 |    22 ||   114
       Dagger            |       |       |   120 ||   120
 Cast: Shock             |    29 |    71 |   203 ||   303
       Swiftness         |       |     1 |       ||     1
       Static Discharge  |       |     2 |    11 ||    13
 Abil: Hop               |     2 |     3 |     6 ||    11
  Use: Potion            |       |     3 |     8 ||    11
       Scroll            |       |       |    11 ||    11
 Stab: Sleeping          |       |     2 |       ||     2
  Eat: Chunk             |       |     2 |    10 ||    12
Armor: Robe              |    10 |     9 |    42 ||    61
Dodge: Dodged            |    54 |    37 |   235 ||   326

Table legend:
 A = Non-vault XP
 B = Vault XP
 C = Vault XP percentage of total XP
 D = Non-vault monster count
 E = Vault monster count
 F = Vault count percentage of total count
                 A         B        C        D         E       F
            +---------+---------+-------+---------+---------+-------
      Total |    2738 |     707 |  20.5 |      97 |      27 |  21.8
            +---------+---------+-------+---------+---------+-------
        D:1 |       7 |       0 |   0.0 |       4 |       0 |   0.0
        D:2 |       4 |       0 |   0.0 |       3 |       0 |   0.0
        D:3 |      80 |      94 |  54.0 |      16 |      14 |  46.7
        D:4 |     591 |     286 |  32.6 |      15 |       1 |   6.2
        D:5 |     568 |       0 |   0.0 |      17 |       0 |   0.0
        D:6 |     527 |     157 |  23.0 |      20 |       1 |   4.8
        D:7 |     403 |       0 |   0.0 |      11 |       0 |   0.0
        D:8 |     558 |      63 |  10.1 |      11 |       1 |   8.3
      Sewer |       0 |     107 | 100.0 |       0 |      10 | 100.0
            +---------+---------+-------+---------+---------+-------
